Get step-by-step instructions on how to execute this build order below. Start the game timer, and the build order will tick by so you can play in parallel with StarCraft on a second screen or mobile device.

Game Time

  0:00

Last Step

  N/A

Next Step

Upcoming Step



Don't want to look back and forth between 2 screens? Try out our Overwolf App, the Spawning Tool Build Advisor to get an in-game overlay with this build!

Complete Build Order

  12  0:00  SCV  
  13  0:12  SCV  
  14  0:17  Supply Depot  
  14  0:24  SCV  
  15  0:39  SCV  
  15  0:40  Barracks  
  16  0:43  Refinery  
  16  0:51  SCV  
  17  1:03  SCV  
  18  1:04  Refinery  
  18  1:15  SCV  
  19  1:27  SCV  
  20  1:37  Command Center  
  20  1:47  Orbital Command  
  20  1:51  Reaper  
  21  2:01  Factory  
  21  2:13  SCV  
  22  2:22  Marine  
  23  2:34  Supply Depot  
  23  2:42  Command Center  
  23  2:45  Barracks Reactor  
  23  2:48  SCV  
  24  2:54  Factory Tech Lab  
  24  3:09  Bunker  
  24  3:12  Bunker  
  24  3:14  Bunker  
  24  3:16  Siege Tank  
  27  3:21  Marine x2  
  29  3:38  Marine  
  29  3:39  Marine  
  31  3:53  Siege Tank  
  31  3:54  Orbital Command  
  33  4:05  Marine  
  33  4:06  Marine  
  35  4:11  Orbital Command  
  35  4:23  Barracks  
  35  4:39  Marine x2  
  37  4:48  Siege Tank  
  40  4:54  Starport  
  40  4:55  SCV x2  
  40  4:56  SCV  
  40  4:57  Marine x2  
  45  5:15  Barracks Tech Lab  
  45  5:16  Barracks  
  45  5:17  SCV x3  
  48  5:22  Engineering Bay  
  48  5:24  Engineering Bay  
  48  5:28  Siege Tank  
  48  5:29  Marine x2  
  48  5:32  Liberator  
  48  5:35  SCV x2  
  58  5:41  Supply Depot  
  58  5:43  Supply Depot  
  58  5:47  Marine  
  59  5:52  Stimpack  
  59  6:08  Orbital Command  
  59  6:20  Orbital Command  
  59  6:22  Barracks  
  59  6:24  Supply Depot  
  59  6:38  SCV  
  59  6:39  SCV  
  61  6:46  Siege Tank  
  64  6:50  Marine  
  64  6:51  Marine x3, SCV x2  
  70  7:02  Refinery x2  
  70  7:03  SCV x2  
  72  7:14  SCV  
  72  7:15  SCV x2  
  71  7:18  Siege Tank, Marine x2  
  71  7:19  Marine x2  
  79  7:28  Marine  
  80  7:36  Marine x3  
  80  7:37  Barracks, Marine  
  83  7:38  Barracks  
  84  7:46  Marine  
  85  7:57  Supply Depot x2  
  85  7:58  Supply Depot  
  85  8:18  Viking, Siege Tank, SCV x2, Marine x2  
  94  8:20  Barracks  
  94  8:25  Terran Infantry Weapons Level 1, Command Center, Terran Infantry Armor Level 1  
  94  8:29  Barracks Reactor x4, Armory  
  94  8:30  SCV, Marine  
  77  9:02  Orbital Command  
  62  9:10  Marine x4  
  62  9:11  Marine x2  
  62  9:12  Marine  
  69  9:29  Orbital Command  
  66  9:31  Siege Tank  
  66  9:32  Marine x3  
  66  9:33  Marine x3  
  75  9:48  Marine  
  75  9:49  Marine x5  
  75  9:50  Marine x2  
  83  9:53  Medivac  
  85  10:04  Siege Tank, Planetary Fortress  
  85  10:05  SCV x3  
  91  10:07  Marine  
  91  10:08  Marine x5  
  97  10:15  Barracks  
  97  10:17  SCV x3  
  97  10:21  Marine  
  100  10:24  Terran Infantry Weapons Level 2, Terran Infantry Armor Level 2  
  100  10:27  Starport Reactor  
  101  10:29  SCV x2  
  101  10:32  Terran Ship Weapons Level 1  
  100  10:36  Siege Tank  
  100  10:42  Marine  
  96  10:59  Missile Turret  
  96  11:00  Marine  
  96  11:01  Marine x11  
  96  11:04  Medivac x2  
  112  11:08  Siege Tank  
  112  11:09  Combat Shield  
  115  11:18  Marine  
  112  11:22  Marine  
  112  11:23  Marine x11  
  122  11:33  Medivac  
  122  11:34  Missile Turret  
  122  11:35  Missile Turret  
  124  11:44  Missile Turret  
  124  11:46  Missile Turret  
  124  11:55  Missile Turret  
  124  11:57  Missile Turret  
  124  12:04  Marine x6  
  124  12:05  Medivac  
  132  12:15  Command Center  
  132  12:20  Supply Depot  
  132  12:27  Marine x2  
  132  12:31  Supply Depot  
  132  12:32  Marine  
  132  12:33  Marine  
  132  12:41  Marine x8  
  132  12:42  Supply Depot  
  140  12:51  Marine x3  
  143  12:52  SCV x2  
  143  12:53  SCV  
  146  13:01  SCV  
  146  13:02  Marine x5  
  146  13:03  Siege Tank  
  146  13:04  SCV x2  
  146  13:05  Supply Depot, SCV  
  158  13:07  Missile Turret, Medivac x2  
  158  13:08  Missile Turret  
  162  13:13  SCV  
  163  13:28  Missile Turret  
  163  13:30  Planetary Fortress, Missile Turret  
  163  13:31  SCV  
  163  13:32  SCV x3  
  167  13:35  Siege Tank  
  167  13:39  Marine  
  167  13:40  Marine x4